 Dungeon Crawl Stone Soup version 0.31-a0-7-g51783674b7 (webtiles) character file.

Game seed: 8352054654340701733

39 scionoferis the Grasshopper (level 3, -5/33 HPs)
             Began as a Naga Warper on May 5, 2023.
             Slain by a gnoll
             ... wielding a +0 halberd
              (6 damage)
             ... on level 2 of the Dungeon.
             The game lasted 00:02:59 (1032 turns).

scionoferis the Grasshopper (Naga Warper)           Turns: 1032, Time: 00:02:59

Health: -5/33      AC:  6    Str: 21    XL:     3   Next: 45%
Magic:  6/6        EV:  8    Int: 13    God:
Gold:   68         SH:  0    Dex: 10    Spells: 6/6 levels left

rFire   . . .        a - +0 spear
rCold   . . .        (no shield)
rNeg    + . .        e - +2 scale mail {rN+}
rPois   +            (no helmet)
rElec   .            (no cloak)
rCorr   .            (no gloves)
SInv    +            (no barding)
Will    .....        (no amulet) Stlth
                     k - +6 ring of strength
HPRegen 0.25/turn    (no ring)
MPRegen 0.10/turn

%: no passive effects
@: very slow
A: AC +1, large, see invisible, deformed body, poison resistance, slowness 2,
spit poison 1, naga tail 1
a: Spit Poison


You were on level 2 of the Dungeon.
You visited 1 branch of the dungeon, and saw 2 of its levels.

You collected 68 gold pieces.


Innate Abilities, Weirdness & Mutations

Your serpentine skin is tough. (AC +1)
You have supernaturally acute eyesight. (SInv)
Armour fits poorly on your strangely shaped body.
Your system is resistant to poisons. (rPois)
You cover ground very slowly.
You can spit poison.
You have a snake-like lower body.


   Skills:
 + Level 2.5 Fighting
 * Level 3.0 Polearms
 - Level 0.8 Throwing
 - Level 0.7 Armour
 - Level 1.5 Dodging
 + Level 2.1 Stealth
 - Level 2.0 Spellcasting
 - Level 3.0 Translocations


You had 6 spell levels left.
You didn't know any spells.
Your spell library contained the following spells:

 Spells                   Type           Power      Damage    Failure   Level
 Blink                    Tloc           18%        N/A       32%         2
 Lesser Beckoning         Tloc           18%        N/A       32%         2
 Teleport Other           Tloc           9%         N/A       54%         3
 Vhi's Electric Charge    Tloc/Air       10%        N/A       75%         3
 Manifold Assault         Tloc           9%         N/A       91%         4

Inventory:

Hand Weapons
 a - a +0 spear (weapon)
Missiles
 b - 3 javelins
 d - 7 boomerangs of dispersal
 g - 3 curare-tipped darts
 i - 3 atropa-tipped darts
 n - 4 poisoned darts (quivered)
Armour
 e - a +2 scale mail of positive energy (worn)
   (You found it on level 1 of the Dungeon)
Jewellery
 k - a +6 ring of strength (left hand)
   (You found it on level 1 of the Dungeon)
Scrolls
 c - a scroll of blinking
 f - a scroll of poison {unknown}
 j - a scroll of teleportation {unknown}
Potions
 h - a potion of attraction {unknown}
 l - a potion of degeneration {unknown}
 m - a potion of might {unknown}

Dungeon Overview and Level Annotations

Branches:
Dungeon (2/15)

Altars:

....... .......
.......########
..............#
g.............#
......#g.......#
....#.#........#
........#...(†...#
........#.g..g.@.#
........g.##.###.#
....###...##.# #.#
#.........).# #.#
#.#..#...######.#
#...............#
####.#....#######
#.<#...# #..#...#


You could see 4 gnolls.


Message History

Welcome, scionoferis the Naga Warper.
Will you prevail where others failed? Will you find the Orb of Zot?
Press ? for a list of commands and other information.
Found a leather armour, a shiny scale mail and 3 javelins.
Found two stairs.
There is a stone staircase leading down here.
You see here a +2 scale mail of positive energy.
e - a +2 scale mail of positive energy You start removing your armour.
You continue taking off your +0 leather armour. x4
You finish taking off your +0 leather armour.
You start putting on your armour.
You continue putting on your +2 scale mail of positive energy. x5
You finish putting on your +2 scale mail of positive energy.
You feel more protected from negative energy.
You drop a +0 leather armour.
You see here 3 javelins.
b - 3 javelins A ball python comes into view.
The ball python hisses angrily.
You reach to attack!
You hit the ball python.
The ball python is moderately wounded.
You barely miss the ball python.
The ball python is moderately wounded.
The ball python bites you but does no damage.
You hit the ball python but do no damage.
The ball python is moderately wounded.
The ball python bites you but does no damage.
You hit the ball python.
You kill the ball python!
No target in view!
No target in view!
You now have 18 gold pieces.
A kobold comes into view. It is wielding a +0 dagger.
The kobold shouts!
You reach to attack!
You hit the kobold but do no damage. You miss the kobold.
The kobold hits you but does no damage.
You hit the kobold but do no damage. The kobold hits you but does no damage.
You hit the kobold.
You kill the kobold!
No target in view!
You see here a +0 dagger.
A bat comes into view.
The bat barely misses you.
You reach to attack!
You hit the bat.
You kill the bat!
No target in view!
Found a robe.
No target in view!
A giant cockroach comes into view.
You reach to attack!
You hit the giant cockroach.
The giant cockroach is severely wounded.
You closely miss the giant cockroach.
The giant cockroach is severely wounded.
The giant cockroach bites you but does no damage.
The giant cockroach bites you.
You hit the giant cockroach.
You kill the giant cockroach!
No target in view!
HP restored. 2 giant cockroaches come into view.
Found 3 curare-tipped darts.
You reach to attack!
You closely miss the giant cockroach. You barely miss the giant cockroach.
The giant cockroach bites you but does no damage.
The giant cockroach barely misses you.
You barely miss the giant cockroach.
The giant cockroach bites you but does no damage.
You closely miss the giant cockroach.
The giant cockroach bites you but does no damage.
You hit the giant cockroach but do no damage.
The giant cockroach bites you but does no damage.
You barely miss the giant cockroach.
The giant cockroach bites you but does no damage.
You hit the giant cockroach.
The giant cockroach is lightly wounded.
The giant cockroach bites you but does no damage.
You barely miss the giant cockroach.
The giant cockroach is lightly wounded.
The giant cockroach bites you but does no damage.
The giant cockroach closely misses you.
You hit the giant cockroach.
You kill the giant cockroach!
You hit the giant cockroach.
The giant cockroach is almost dead.
The giant cockroach bites you but does no damage.
The giant cockroach bites you.
You hit the giant cockroach.
You kill the giant cockroach!
Your Stealth skill increases to level 1!
No target in view!
You see here a giant cockroach corpse.
A ball python comes into view.
Found 7 gold pieces.
The ball python hisses angrily.
You reach to attack!
You closely miss the ball python.
You hit the ball python but do no damage.
The ball python bites you.
You closely miss the ball python.
The ball python bites you but does no damage.
You hit the ball python but do no damage.
The ball python closely misses you.
The ball python bites you but does no damage.
You hit the ball python.
You kill the ball python!
You have reached level 2!
You start resting.
HP restored.
f - a scroll labelled JUGEIT ZEUMOILEU You see here 3 curare-tipped darts.
g - 3 curare-tipped darts You now have 25 gold pieces (gained 7).
An endoplasm comes into view.
You reach to attack!
You hit the endoplasm but do no damage. You hit the endoplasm but do no damage.
The endoplasm freezes you.
You are frozen.
You hit the endoplasm but do no damage. The endoplasm freezes you.
You are frozen.
You hit the endoplasm.
The endoplasm is severely wounded.
The endoplasm closely misses you.
You hit the endoplasm but do no damage.
The endoplasm is severely wounded.
The endoplasm jiggles.
The endoplasm freezes you.
You are frozen.
You are too injured to fight recklessly!
You are too injured to fight recklessly!
You are too injured to fight recklessly!
You are too injured to fight recklessly!
Aiming: Spit Poison (2% risk of failure)
Press: ? - help, Shift-Dir - straight line, f/p - endoplasm
Aim: an endoplasm (severely wounded, 97% to hit)
The splash of poison hits the endoplasm.
The endoplasm completely resists.
The endoplasm is severely wounded.
The endoplasm freezes you.
You are frozen.
* * * LOW HITPOINT WARNING * * *
You hit the endoplasm.
You kill the endoplasm!
You start resting.
You have got your breath back.
You start resting.
HP restored.
Found a stone staircase leading down.
A ball python comes into view.
The ball python hisses angrily.
Aiming: Spit Poison (2% risk of failure)
Press: ? - help, Shift-Dir - straight line, f - ball python
Aim: a ball python (54% to hit)
The splash of poison misses the ball python.
Unknown command.
You reach to attack!
You hit the ball python.
You kill the ball python!
No target in view!
You have got your breath back.
There is a shaft here.
Found a robe.
A jackal comes into view.
The jackal barks!
The jackal bites you. The jackal bites you.
You hit the jackal but do no damage. The jackal closely misses you.
You hit the jackal.
The jackal is almost dead.
The jackal closely misses you. The jackal barely misses you.
You closely miss the jackal.
The jackal is almost dead.
The jackal closely misses you.
You hit the jackal.
You kill the jackal!
You see here a +0 robe.
A rat comes into view.
Found an orange potion.
You hit the rat.
You kill the rat!
No target in view!
A kobold comes into view. It is wielding a +0 short sword.
The kobold shouts!
You hear an angry hiss.
An endoplasm comes into view.
The endoplasm quivers.
A hobgoblin comes into view.
The endoplasm jiggles.
The endoplasm attacks as you move away!
The endoplasm hits you but does no damage.
You hit the endoplasm.
The endoplasm is lightly wounded.
The endoplasm hits you but does no damage.
Aiming: Spit Poison (2% risk of failure)
Press: ? - help, Shift-Dir - straight line, f - kobold
Aim: a kobold, wielding a +0 short sword (50% to hit)
The splash of poison hits the endoplasm.
The endoplasm is poisoned.
The endoplasm is heavily wounded.
The endoplasm freezes you.
You are frozen.
You barely miss the endoplasm.
The endoplasm is severely wounded.
You kill the endoplasm!
You hit the kobold.
The kobold is severely wounded.
The kobold closely misses you.
You hit the kobold but do no damage.
The kobold is severely wounded.
The kobold hits you with a +0 short sword.
You hit the kobold.
You kill the kobold!
You have got your breath back.
You see here a +0 short sword.
You start resting.
HP restored.
You start waiting.
Done waiting.
A frilled lizard comes into view.
The frilled lizard hisses angrily.
You hit the frilled lizard.
You kill the frilled lizard!
No target in view!
No target in view!
h - an orange potion You see here a frilled lizard corpse.
You now have 33 gold pieces (gained 8).
Found a falchion.
A hobgoblin is nearby!
A hobgoblin is nearby!
You hit the hobgoblin but do no damage.
The hobgoblin hits you but does no damage.
You hit the hobgoblin but do no damage. The hobgoblin hits you.
You hit the hobgoblin but do no damage. The hobgoblin hits you.
You hit the hobgoblin but do no damage. The hobgoblin hits you.
You hit the hobgoblin.
The hobgoblin is moderately wounded.
The hobgoblin hits you but does no damage.
You hit the hobgoblin but do no damage.
The hobgoblin is moderately wounded.
The hobgoblin hits you.
You hit the hobgoblin but do no damage.
The hobgoblin is moderately wounded.
The hobgoblin hits you but does no damage.
You barely miss the hobgoblin.
The hobgoblin is moderately wounded.
The hobgoblin hits you.
You hit the hobgoblin but do no damage. You punch the hobgoblin.
The hobgoblin is severely wounded.
The hobgoblin hits you.
You barely miss the hobgoblin.
The hobgoblin is severely wounded.
The hobgoblin closely misses you.
You hit the hobgoblin.
The hobgoblin is almost dead.
The hobgoblin hits you.
You hit the hobgoblin.
You kill the hobgoblin!
You start resting.
HP restored.
You now have 52 gold pieces (gained 19).
Things that are here:
3 atropa-tipped darts; a +0 ring mail
i - 3 atropa-tipped darts A ball python comes into view.
The ball python hisses angrily.
You hit the ball python.
You kill the ball python!
No target in view!
No target in view!
Found a robe.
A bat comes into view.
The bat barely misses you.
A bat is nearby!
You barely miss the bat. The bat hits you.
You reach to attack!
You closely miss the bat. The bat hits you but does no damage.
You closely miss the bat. The bat hits you.
A bat is nearby!
The bat barely misses you. The bat hits you but does no damage.
You closely miss the bat. The bat hits you but does no damage.
The bat closely misses you.
You hit the bat.
The bat is severely wounded.
The bat hits you but does no damage.
You closely miss the bat.
The bat is moderately wounded.
The bat completely misses you. The bat barely misses you.
You hit the bat.
You kill the bat!
No target in view!
No target in view!
You now have 58 gold pieces (gained 6).
A bat comes into view.
You hit the bat.
You kill the bat!
No target in view!
No target in view!
You see here a +0 robe.
You see here a frilled lizard skeleton.
You see here a +0 leather armour.
A hobgoblin comes into view.
The hobgoblin shouts!
You hit the hobgoblin.
You kill the hobgoblin!
No target in view!
An endoplasm comes into view.
The endoplasm quivers.
Aiming: Spit Poison (2% risk of failure)
Press: ? - help, Shift-Dir - straight line, f - endoplasm
Aim: an endoplasm (97% to hit)
The splash of poison hits the endoplasm.
The endoplasm is poisoned.
The endoplasm is lightly wounded.
Unknown command.
You reach to attack!
You hit the endoplasm.
The endoplasm is almost dead.
You kill the endoplasm!
No target in view!
You now have 68 gold pieces (gained 10).
You have got your breath back.
j - a scroll labelled AWUOXEDEPE A ball python comes into view.
The ball python hisses angrily.
Aiming: Spit Poison (2% risk of failure)
Press: ? - help, Shift-Dir - straight line, f - ball python
Aim: a ball python (54% to hit)
The splash of poison hits the ball python!
The ball python is poisoned.
You kill the ball python!
You have reached level 3!
Your experience leads to an increase in your attributes!
Increase (S)trength, (I)ntelligence, or (D)exterity?
You feel stronger. x2; Your skin feels tougher.
You start waiting.
You have got your breath back.
A kobold comes into view. It is wielding a +0 short sword.
The kobold shouts!
The kobold throws a stone.
The stone hits you but does no damage.
A hobgoblin comes into view.
You barely miss the kobold.
The hobgoblin shouts!
The kobold hits you with a +0 short sword.
You closely miss the kobold.
The kobold hits you with a +0 short sword.
You hit the kobold but do no damage. The kobold barely misses you.
You hit the kobold but do no damage.
The kobold hits you with a +0 short sword.
You closely miss the kobold.
The kobold hits you with a +0 short sword.
You hit the kobold.
You kill the kobold!
You barely miss the hobgoblin. The hobgoblin barely misses you.
You barely miss the hobgoblin.
The hobgoblin hits you but does no damage.
You hit the hobgoblin.
The hobgoblin is almost dead.
The hobgoblin hits you but does no damage.
You barely miss the hobgoblin.
The hobgoblin is almost dead.
The hobgoblin hits you but does no damage.
You closely miss the hobgoblin.
The hobgoblin is severely wounded.
You hit the hobgoblin.
You kill the hobgoblin!
No target in view!
HP restored.
Items here: ( ) ††.
k - a +6 ring of strength A giant cockroach comes into view.
You feel stronger.
k - a +6 ring of strength (left hand)
You hit the giant cockroach.
You kill the giant cockroach!
No target in view!
You see here a giant cockroach corpse.
A goblin comes into view. It is wielding a +0 club.
The goblin shouts!
Found 5 stones.
You closely miss the goblin. The goblin closely misses you.
You hit the goblin.
The goblin is moderately wounded.
The goblin hits you with a +0 club.
You closely miss the goblin.
The goblin is moderately wounded.
The goblin hits you but does no damage.
You barely miss the goblin.
The goblin is moderately wounded.
The goblin hits you but does no damage.
You miss the goblin.
The goblin is moderately wounded.
The goblin barely misses you.
You closely miss the goblin.
The goblin is moderately wounded.
The goblin hits you but does no damage.
You completely miss the goblin.
The goblin is moderately wounded.
The goblin hits you with a +0 club.
You barely miss the goblin.
The goblin is moderately wounded.
You hit the goblin.
You kill the goblin!
Your Stealth skill increases to level 2!
No target in view!
Things that are here:
a +0 club; a goblin corpse You see here 5 stones.
Found a stone staircase leading down.
Found a leather armour.
There is a stone staircase leading down here.
You see here a +0 leather armour.
Done exploring.
Done exploring.
There is a stone staircase leading down here.
Search for what [? for help]? d:1 Unknown command.
Search for what [Enter for "d:1", or ? for help]?
Unknown command.
Unknown command.
You climb downwards.
Found a dark potion.
There is a stone staircase leading up here.
A kobold comes into view.
It is wielding a +0 dagger and quivering poisoned darts.
Found a sapphire potion.
The kobold throws a poisoned dart.
The poisoned dart hits you!
You are poisoned.
The kobold throws a poisoned dart.
The poisoned dart hits you!
You feel very sick.
You feel sick.
You feel sick.
l - a dark potion You feel sick.
You feel sick.
You start resting.
You feel sick.
You are no longer poisoned.
You reach to attack!
You closely miss the kobold.
The kobold throws a poisoned dart.
The poisoned dart hits you.
Aiming: Spit Poison (2% risk of failure)
Press: ? - help, Shift-Dir - straight line, f/p - kobold
Aim: a kobold, wielding a +0 dagger and quivering poisoned darts (50% to hit)
The splash of poison hits the kobold.
You kill the kobold!
Unknown command.
You have got your breath back.
m - a sapphire potion
Things that are here:
a +0 dagger; 5 poisoned darts; a kobold corpse
n - 5 poisoned darts You start resting.
An ufetubus comes into view.
The ufetubus moves out of view.
You start resting.
An ufetubus is nearby!
The ufetubus shouts!
You hear a shout!
You barely miss the ufetubus.
The ufetubus hits you but does no damage.
The ufetubus hits you.
You miss the ufetubus. The ufetubus barely misses you.
The ufetubus hits you but does no damage.
You hit the ufetubus.
The ufetubus is lightly wounded.
The ufetubus hits you but does no damage. x3
The ufetubus barely misses you.
You puncture the ufetubus!
You kill the ufetubus!
No target in view!
A bat comes into view.
The bat moves out of view.
A bat comes into view.
The bat moves out of view.
HP restored.
A bat comes into view.
You reach to attack!
You barely miss the bat. The bat hits you but does no damage.
You hit the bat.
You kill the bat!
The bat closely misses you.
Your Polearms skill increases to level 3!
You closely miss the bat. The bat hits you but does no damage.
The bat barely misses you.
You barely miss the bat. The bat hits you but does no damage.
The bat barely misses you.
You reach to attack!
You hit the bat.
The bat is moderately wounded.
The bat closely misses you. The bat hits you but does no damage.
You barely miss the bat.
The bat is moderately wounded.
The bat hits you but does no damage. x2
You barely miss the bat. The bat barely misses you.
The bat hits you but does no damage.
You hit the bat but do no damage.
The bat is moderately wounded.
The bat hits you but does no damage. x2; The bat barely misses you.
You hit the bat.
The bat is moderately wounded.
The bat closely misses you. The bat barely misses you.
You hit the bat.
You kill the bat!
The bat hits you but does no damage.
You reach to attack!
You hit the bat but do no damage.
The bat is moderately wounded.
The bat hits you but does no damage.
You barely miss the bat.
The bat is moderately wounded.
The bat hits you but does no damage.
You reach to attack!
You barely miss the bat.
The bat is moderately wounded.
The bat hits you but does no damage.
You reach to attack!
You barely miss the bat.
The bat is moderately wounded.
The bat barely misses you.
You reach to attack!
You closely miss the bat.
The bat is moderately wounded.
The bat hits you but does no damage.
You puncture the bat!
You kill the bat!
No target in view!
You see here a bat corpse.
A ball python and a gnoll come into view.
The ball python hisses angrily.
The gnoll shouts!
A gnoll comes into view. It is wielding a +0 spear.
Aiming: Spit Poison (2% risk of failure)
Press: ? - help, Shift-Dir - straight line, f - gnoll
Aim: a gnoll, wielding a +0 halberd (65% to hit)
Okay, then.
The ball python attacks as you move away!
The ball python bites you but does no damage.
Throw: 5 darts (poison)
Press: ? - help, Q - select action, (/) - cycle Shift-Dir - straight line You throw a poisoned dart.
The poisoned dart hits the gnoll.
The gnoll is poisoned.
The ball python bites you but does no damage.
The gnoll hits you from afar with a +0 halberd!
The ball python barely misses you.
You hit the ball python.
The ball python is heavily wounded.
A gnoll comes into view. It is wielding a +0 spear.
The ball python bites you.
The gnoll hits you from afar with a +0 halberd!
The gnoll shouts!
You hit the ball python.
The ball python is heavily wounded.
The ball python bites you but does no damage.
You hit the ball python.
You kill the ball python!
The gnoll hits you from afar with a +0 halberd!
* * * LOW HITPOINT WARNING * * *
A gnoll comes into view. It is wielding a +0 halberd.
The gnoll hits you from afar with a +0 halberd.
You die...

Skill      XL: |  1  2  3 |
---------------+----------+-----
Stealth        | 1 2 |  2.1
Polearms       | 3 |  3.0
Fighting       | |  2.5
Throwing       | |  0.8
Armour         | |  0.7
Dodging        | |  1.5
Spellcasting   | |  2.0
Translocations | |  3.0

Action                     || total
---------------------------++-------
  Melee: Spear             ||   115
         Punch             ||     1
  Throw: Dart              ||     1
Ability: Spit Poison       ||     6
 Armour: Scale mail        ||    53
  Dodge: Dodged            ||    32

Levels and vault maps discovered:
D:1:      dpeg_arrival_pits, layout_loops_ring, hangedman_feature_mirror
D:2:      minmay_chambers_of_twos, layout_basic,
          hellmonk_ecumenical_altar_pennies_from_heaven, hex_medium

Notes
Turn   | Place    | Note
-------+----------+-------------------------------------------
     0 | D:1      | scionoferis the Naga Warper began the quest for the Orb.
     0 | D:1      | Reached XP level 1. HP: 19/19 MP: 3/3
   120 | D:1      | Reached skill level 1 in Stealth
   128 | D:1      | Reached XP level 2. HP: 23/26 MP: 5/5
   755 | D:1      | Reached XP level 3. HP: 33/33 MP: 6/6
   862 | D:1      | Reached skill level 2 in Stealth
   999 | D:2      | Reached skill level 3 in Polearms
  1031 | D:2      | HP: 1/33 [gnoll/+0 halberd (11)]
  1032 | D:2      | Slain by a gnoll

Vanquished Creatures
  An ufetubus (D:2)
  3 endoplasms (D:1)
  4 giant cockroaches (D:1)
  A goblin (D:1)
  3 hobgoblins (D:1)
  A jackal (D:1)
  6 ball pythons (D:1 D:2)
  6 bats (D:1 D:2)
  A frilled lizard (D:1)
  4 kobolds (D:1 D:2)
  A rat (D:1)
31 creatures vanquished.

Table legend: (Time is in decaauts)
 A = Elapsed time spent in this place.
 B = Non-inter-level travel time spent in this place.
 C = Inter-level travel time spent in this place.
 D = Time resting spent in this place.
 E = Time spent auto-exploring this place.
 F = Levels seen in this place.
 G = Mean time per level.
                   A        B        C        D        E       F      G
               +--------+--------+--------+--------+--------+-----+--------+
         Total |   1246 |   1239 |      7 |    275 |    661 |   2 |  623.0 |
       Dungeon |   1246 |   1239 |      7 |    275 |    661 |   2 |  623.0 |
               +--------+--------+--------+--------+--------+-----+--------+

Top non-repeatable levels by time:
     D:1: 1147 daAuts
     D:2: 99 daAuts

Table legend:
 A = Non-vault XP
 B = Vault XP
 C = Vault XP percentage of total XP
 D = Non-vault monster count
 E = Vault monster count
 F = Vault count percentage of total count
                 A         B        C        D         E       F
            +---------+---------+-------+---------+---------+-------
      Total |      52 |       4 |   7.1 |      29 |       2 |   6.5
            +---------+---------+-------+---------+---------+-------
        D:1 |      37 |       4 |   9.8 |      23 |       2 |   8.0
        D:2 |      15 |       0 |   0.0 |       6 |       0 |   0.0
            +---------+---------+-------+---------+---------+-------
